 Dungeon Crawl Stone Soup version 0.21-a0-471-gd587bd5 (webtiles) character file.

753 Laiders the Digger (level 7, -1/36 HPs)
             Began as a Gargoyle Earth Elementalist on Nov 21, 2017.
             Slain by an ogre
             ... wielding a cursed -1 giant club
              (24 damage)
             ... on level 5 of the Dungeon.
             The game lasted 00:13:07 (3944 turns).

Laiders the Digger (Gargoyle Earth Elementalist)    Turns: 3944, Time: 00:13:08

Health: -1/36      AC: 13    Str: 11    XL:     7   Next: 78%
Magic:  7/15       EV: 12    Int: 18    God:
Gold:   180        SH:  0    Dex: 10    Spells: 8/17 levels left

rFire    . . .     SeeInvis .   o - +6 quarterstaff (chaos)
rCold    . . .     Gourm    .   (shield currently unavailable)
rNeg     + . .     Faith    .   c - +0 robe
rPois    ∞         Spirit   .   (no helmet)
rElec    +         Reflect  .   n - +2 cloak {rPois}
rCorr    .         Harm     .   j - +2 pair of gloves
MR       .....                  s - +0 pair of boots
Stlth    ++........             (no amulet)
HPRegen  0.12/turn              (no ring)
MPRegen  0.14/turn              (no ring)

@: no status effects
A: negative energy resistance 1, electricity resistance, unbreathing,
petrification resistance, rot immunity, AC +4
a: no special abilities


You were on level 5 of the Dungeon.
You were not hungry.

You visited 1 branch of the dungeon, and saw 5 of its levels.

You collected 180 gold pieces.

Inventory:

Hand Weapons
 o - a +6 quarterstaff of chaos (weapon)
Missiles
 b - 50 stones (quivered)
Armour
 c - a +0 robe (worn)
 j - a +2 pair of gloves (worn)
 n - a +2 cloak of poison resistance (worn)
 s - a +0 pair of boots (worn)
Scrolls
 a - a scroll of fear {unknown}
 g - a scroll of teleportation {unknown}
 i - a scroll of enchant weapon
 m - a scroll of immolation {unknown}
 p - a scroll of magic mapping {unknown}
 q - a scroll of fog
 x - a scroll of enchant armour {unknown}
Potions
 k - 3 potions of cancellation
 l - a potion of curing {unknown}
 t - a potion of might
 u - a potion of berserk rage {unknown}
 v - a potion of mutation {unknown}
Books
 e - a book of Geomancy

   Spells                             Type                      Level
   a - Sandblast                      Earth                        1
   b - Passwall                       Transmutation/Earth          2
   c - Stone Arrow                    Conjuration/Earth            3
   d - Petrify                        Transmutation/Earth          4
   e - Lee's Rapid Deconstruction     Earth                        5
 y - a book of Callings

   Spells                             Type                      Level
   a - Summon Small Mammal            Summoning                    1
   b - Call Imp                       Summoning                    2
   c - Call Canine Familiar           Summoning                    3
   d - Summon Guardian Golem          Hexes/Summoning              3
   e - Summon Lightning Spire         Summoning/Air                4
   f - Summon Ice Beast               Ice/Summoning                4
Comestibles
 d - 7 bread rations
 h - 3 royal jellies
 r - 2 meat rations


   Skills:
 - Level 1.5 Dodging
 - Level 2.1 Stealth
 + Level 5.9 Spellcasting
 - Level 4.1 Conjurations
   Level 0.7 Transmutations
 - Level 6.0 Earth Magic


You had 8 spell levels left.
You knew the following spells:

 Your Spells              Type           Power        Failure   Level  Hunger
a - Sandblast             Erth           ####..       1%          1    None
b - Stone Arrow           Conj/Erth      ###...       4%          3    ##.....
c - Lee's Rapid Deconstr  Erth           ####......   28%         5    #####..


Dungeon Overview and Level Annotations

Branches:
Dungeon (5/15)
 Temple: D:4-7

Altars:
Ashenzari
Dithmenos
Qazlal
Trog
The Shining One


Innate Abilities, Weirdness & Mutations

You are resistant to torment.
Your stone body is resilient. (AC +4)
You are immune to poison.
You resist negative energy. (rN+)
You are resistant to electric shocks. (rElec)
You can survive without breathing.
You are immune to petrification.
You are immune to rotting.


Message History

Casting: Sandblast
Confirm with . or Enter, or press ? or * to list all spells.
Aiming: Sandblast
Press: ? - help, Shift-Dir - straight line, f/p - ogre
Aim: an ogre, wielding a giant club The blast of sand hits something.
Reactivating autopickup.
You feel a bit more experienced.
b - 51 stones
Casting: Sandblast
Confirm with . or Enter, or press ? or * to list all spells.
Aiming: Sandblast
Press: ? - help, Shift-Dir - straight line, f/p - ogre
Aim: an ogre, wielding a giant club The blast of sand hits the ogre.
The ogre is moderately wounded.
b - 50 stones The ogre hits you with a giant club!!
Ouch! That really hurt!
You die...

#.##.##..........###
#$........_..._....#
######.##.#.......# #
....##.##.###...####.###
###..........#..#......
###..###..##......##.###
.....# #..####..........
.##..# #.............###
.##......######.@#####
....##.## ##O# ##### (#
#.).# # # #...# # #...#
#.>.# ..... .....
...!...


You could see an ogre.

Vanquished Creatures
  A wyvern (D:4)
  A sky beast (D:5)
  A crimson imp (D:5)
  An orc priest (D:4)
  A hound (D:4)
  A centaur skeleton (D:4)
  Crazy Yiuf (D:2)
  An orc wizard (D:4)
  A bullfrog skeleton (D:4)
  Ijyb (D:4)
  Natasha (twice) (D:2)
  A worker ant (D:5)
  7 adders
  An ooze (D:3)
  An adder skeleton (D:4)
  4 worms
  2 dart slugs (D:3)
  4 leopard geckos
  13 orcs
  13 bats
  8 giant cockroaches
  12 goblins
  8 hobgoblins
  6 jackals
  2 quokkas
  2 ball pythons
  A frilled lizard (D:2)
  A jackal skeleton (D:4)
  12 kobolds
  A leopard gecko skeleton (D:4)
  A quokka skeleton (D:5)
  4 rats
116 creatures vanquished.

Notes
Turn   | Place    | Note
-------+----------+-------------------------------------------
     0 | D:1      | Laiders the Gargoyle Earth Elementalist began the quest for the Orb.
     0 | D:1      | Reached XP level 1. HP: 10/10 MP: 3/3
    43 | D:1      | Reached skill level 4 in Earth Magic
   234 | D:1      | Reached XP level 2. HP: 10/15 MP: 3/5
   857 | D:1      | Reached skill level 5 in Earth Magic
   857 | D:1      | Reached XP level 3. HP: 19/19 MP: 6/6
   878 | D:1      | You fall through a shaft!
   902 | D:2      | Learned a level 3 spell: Stone Arrow
  1035 | D:2      | Noticed Natasha
  1040 | D:2      | Killed Natasha
  1040 | D:2      | Reached XP level 4. HP: 24/24 MP: 5/7
  1152 | D:2      | Reached skill level 6 in Earth Magic
  1157 | D:2      | Noticed Natasha
  1163 | D:2      | Killed Natasha
  1163 | D:2      | Reached skill level 1 in Conjurations
  1624 | D:2      | Found a runed door.
  1629 | D:2      | Noticed Crazy Yiuf
  1690 | D:2      | Killed Crazy Yiuf
  1690 | D:2      | Reached XP level 5. HP: 21/28 MP: 0/8
  2714 | D:3      | Found a stormy altar of Qazlal.
  2737 | D:3      | Found a glowing golden altar of the Shining One.
  2805 | D:4      | Reached XP level 6. HP: 32/32 MP: 3/11
  2976 | D:4      | Learned a level 5 spell: Lee's Rapid Deconstruction
  3038 | D:4      | Noticed a wyvern
  3045 | D:4      | Killed a wyvern
  3045 | D:4      | Reached XP level 7. HP: 27/36 MP: 2/13
  3174 | D:4      | Noticed Ijyb
  3184 | D:4      | Killed Ijyb
  3669 | D:4      | Reached skill level 5 in Spellcasting
  3815 | D:5      | Entered Level 5 of the Dungeon
  3901 | D:5      | Found a shattered altar of Ashenzari.
  3903 | D:5      | Found a bloodstained altar of Trog.
  3908 | D:5      | Found a shadowy altar of Dithmenos.
  3944 | D:5      | Slain by an ogre

Vault maps used:
D:1:      dpeg_arrival_tiny_j
D:2:      dk_noncrumbling_3, uniq_crazy_yiuf_cottage, uniq_natasha
D:3:      marbit_many_paths, nicolae_qazlal_eye_of_the_storm
D:4:      kennysheep_the_goblin_king
D:5:      led_sif_pool, grunt_temple_overflow_open, first_bread, basic_altar

Skill      XL: |  1  2  3  4  5  6  7 |
---------------+----------------------+-----
Earth Magic    | 4 5 6 |  6.0
Conjurations   | 1 3 4 |  4.1
Spellcasting   | 3 4 5 |  5.9
Dodging        | |  1.5
Stealth        | |  2.1
Transmutations | |  0.7

Action                   |  1- 3 |  4- 6 |  7- 9 || total
-------------------------+-------+-------+-------++-------
Melee: Unarmed           |    12 |       |       ||    12
       Dagger            |    61 |    60 |       ||   121
       Quarterstaff      |       |    81 |    54 ||   135
 Cast: Sandblast         |    12 |    22 |    12 ||    46
       Stone Arrow       |       |    18 |    10 ||    28
  Use: Scroll            |       |     6 |     2 ||     8
 Stab: Sleeping          |     2 |     2 |       ||     4
  Eat: Chunk             |     1 |     8 |     4 ||    13
Armor: Robe              |    54 |    79 |    52 ||   185
Dodge: Dodged            |    84 |   110 |    79 ||   273

Table legend:
 A = Spawn XP
 B = Non-spawn XP
 C = Spawn XP percentage of total XP
 D = Spawn monster count
 E = Non-spawn monster count
 F = Spawn count percentage of total count
 G = Total turns spent on level
                    A         B        C        D         E        F      G
               +---------+---------+-------+---------+---------+-------+---------
         Total |       0 |    1076 |   0.0 |       0 |     116 |   0.0 |  3944
               +---------+---------+-------+---------+---------+-------+---------
           D:1 |       0 |      35 |   0.0 |       0 |      20 |   0.0 |   878
           D:2 |       0 |     180 |   0.0 |       0 |      24 |   0.0 |  1151
           D:3 |       0 |      95 |   0.0 |       0 |      31 |   0.0 |   765
           D:4 |       0 |     535 |   0.0 |       0 |      31 |   0.0 |  1021
           D:5 |       0 |     231 |   0.0 |       0 |      10 |   0.0 |   129
               +---------+---------+-------+---------+---------+-------+---------
